 Dungeon Crawl Stone Soup version 0.16.2 (webtiles) character file.

225 poirepourri the Covert (level 5, 22/24 (27) HPs)
             Began as a Spriggan Assassin on Aug 12, 2015.
             Quit the game on level 3 of the Dungeon.
             The game lasted 00:10:21 (3159 turns).

poirepourri the Covert (Spriggan Assassin)          Turns: 3159, Time: 00:10:21

HP:   22/24 (27)    AC:  4    Str:  7    XL:     5   Next: 68%
MP:   10/10         EV: 18    Int: 12    God:
Gold: 100           SH:  0    Dex: 19    Spells: 0 memorised, 4 levels left

rFire  + . .     SeeInvis +     f - +3 dagger (speed) {j}
rCold  x . .     Clarity  .     c - +0 robe
rNeg   . . .     SustAb   .     (shield restricted)
rPois  .         Gourm    .     (helmet restricted)
rElec  .         Spirit   .     i - +1 cloak
rCorr  .         Warding  .     (gloves unavailable)
rMut   .         Stasis   .     (boots unavailable)
MR     .....                    (no amulet)
Stlth  +++++.....               (no ring)
                                j - ring of fire

@: very quick, not resistant to hostile enchantments, quite stealthy
A: unfitting armour, see invisible, herbivore 3, speed 3, slow metabolism 2
a: no special abilities


You were on level 3 of the Dungeon.
You were not hungry.

You visited 1 branch of the dungeon, and saw 3 of its levels.

You collected 100 gold pieces.

Inventory:

Hand weapons
 b - a +0 blowgun
 f - a +3 dagger of speed (weapon) {j}
Missiles
 e - 13 poisoned needles
Armour
 c - a +0 robe (worn)
 d - a +0 cloak
 i - a +1 cloak (worn)
 k - a +2 ring mail of fire resistance
Jewellery
 j - a ring of fire (left hand)
Magical devices
 l - a wand of fireball (4)
Scrolls
 a - a scroll of enchant armour {unknown}
Potions
 h - a potion of brilliance
 m - a potion of poison {unknown}
 n - a potion of curing
Comestibles
 g - 3 bread rations
 o - a slice of pizza


   Skills:
 * Level 2.4 Fighting
 + Level 2.3 Short Blades
 + Level 4.1 Throwing
 + Level 3.0 Dodging
 + Level 8.1 Stealth


You had 4 spell levels left.
You didn't know any spells.

Dungeon Overview and Level Annotations

Branches:
Dungeon (3/15)

Altars:
Vehumet

Portals:
Sewer: D:3


Innate Abilities, Weirdness & Mutations

You are tiny and cannot use many weapons and most armour.
You have supernaturally acute eyesight.
You are a herbivore.
You cover ground extremely quickly.
You need consume almost no food.


Message History

You enter the shallow water.
Moving in this stuff is going to be slow.
You hear the brisk rusting of a drain nearby.
m - a pink potion You now have 100 gold pieces (gained 4).
Found a mace.
A giant newt comes into view.
A giant newt is nearby!
A giant newt is nearby!
A giant newt is nearby!
Found 2 potions of curing.
The giant newt barely misses you.
You hit the giant newt.
You kill the giant newt!
You see here a giant newt corpse.
An orc comes into view. It is wielding a whip.
An orc is nearby!
An orc is nearby!
An orc is nearby!
Are you sure you want to abandon this character and quit the game? (Confirm with "yes".)

#####...#.≈## ##### ##.....
#...........+ o.. .
+.....(.. .####...#### !.
... ###...## #.......# ..
... #..# #.##.#..# ##. ..#
#.# # #..#..# #.. ..# #.
#.#.##..# #.##+#.# #
#.#.#.##..# #.##.#.#
#.........####@##.#.######.
#####.#####................#
#.# #.......†.#######
#.#####.##......#
#...............#
#######.##...)..#
#.#####..## #.. ...# #...
....#


You could see an orc (sleeping).

Vanquished Creatures
  Sigmund (D:2)
  Robin (D:2)
  An adder (D:2)
  3 gnolls (D:2)
  4 giant mites (D:3)
  3 giant geckos
  2 oozes
  5 giant cockroaches
  19 goblins
  8 hobgoblins
  3 jackals (D:2)
  2 ball pythons
  8 bats
  4 giant newts
  6 kobolds
  A rat (D:2)
71 creatures vanquished.

Notes
Turn   | Place    | Note
--------------------------------------------------------------
     0 | D:1      | poirepourri, the Spriggan Assassin, began the quest for the Orb.
     0 | D:1      | Reached XP level 1. HP: 10/10 MP: 2/2
    81 | D:1      | Reached skill level 6 in Stealth
   420 | D:1      | Reached XP level 2. HP: 8/15 MP: 4/4
  1044 | D:2      | Reached XP level 3. HP: 18/18 MP: 6/6
  1055 | D:2      | Reached skill level 7 in Stealth
  1335 | D:2      | Noticed Robin
  1779 | D:2      | Reached XP level 4. HP: 2/23 MP: 8/8
  1820 | D:2      | Killed Robin
  2290 | D:2      | Found a radiant altar of Vehumet.
  2339 | D:2      | Noticed Sigmund
  2345 | D:2      | Killed Sigmund
  2345 | D:2      | Reached XP level 5. HP: 26/26 MP: 10/10
  3062 | D:3      | Reached skill level 8 in Stealth
  3066 | D:3      | Found a glowing drain.
  3159 | D:3      | Quit the game

Action                   |  1- 3 |  4- 6 || total
-------------------------+-------+-------++-------
Melee: Dagger            |    86 |    63 ||   149
 Fire: Blowgun           |    41 |    58 ||    99
  Use: Potion            |     3 |     3 ||     6
       Scroll            |     3 |     1 ||     4
 Stab: Sleeping          |    12 |    17 ||    29
